 Dungeon Crawl Stone Soup version 0.22.0-6-g71bd7aa6b3 (webtiles) character file.

98 RedPan the Cutter (level 5, -3/29 HPs)
             Began as a Kobold Artificer on Aug 16, 2018.
             Was an Initiate of Kikubaaqudgha.
             Slain by Natasha (9 damage)
             ... on level 3 of the Dungeon.
             The game lasted 00:07:40 (3757 turns).

RedPan the Cutter (Kobold Artificer)                Turns: 3757, Time: 00:07:41

Health: -3/29      AC:  4    Str: 11    XL:     5   Next: 0%
Magic:  8/8        EV: 14    Int: 12    God:    Kikubaaqudgha [......]
Gold:   118        SH:  0    Dex: 15    Spells: 4/4 levels left

rFire    . . .     SeeInvis .   a - +0 short sword
rCold    . . .     Gourm    .   (shield restricted)
rNeg     . . .     Faith    .   b - +0 leather armour
rPois    .         Spirit   .   g - +0 helmet
rElec    .         Reflect  .   (no cloak)
rCorr    .         Harm     .   (no gloves)
MR       .....     Rnd*Tele +   (no boots)
Stlth    ++........             n - amulet of the acrobat
HPRegen  0.09/turn              i - ring of flight
MPRegen  0.11/turn              j - ring of teleportation (curse)

@: no status effects
A: small, carnivore
a: Renounce Religion, Evoke Flight


You were on level 3 of the Dungeon.
You worshipped Kikubaaqudgha.
Kikubaaqudgha was noncommittal.
You were very full.

You visited 1 branch of the dungeon, and saw 3 of its levels.

You collected 118 gold pieces.

Inventory:

Hand Weapons
 a - a +0 short sword (weapon)
Armour
 b - a +0 leather armour (worn)
 g - a +0 helmet (worn)
Jewellery
 i - a ring of flight (left hand)
 j - a cursed ring of teleportation (right hand)
 n - an amulet of the acrobat (around neck)
Wands
 d - a wand of enslavement (14)
 e - a wand of random effects (12)
Scrolls
 k - 5 scrolls of identify
 l - a scroll of remove curse
Potions
 h - a potion of flight {unknown}
 m - a potion of magic {unknown}
 o - a potion of might {unknown}
 q - a potion of lignification {unknown}
Comestibles
 f - 7 rations


   Skills:
 - Level 1.1 Fighting
 * Level 4.3 Short Blades
 - Level 2.4 Dodging
 + Level 3.4 Stealth
 - Level 4.2 Evocations


You had 4 spell levels left.
You didn't know any spells.
Your spell library was empty.

Dungeon Overview and Level Annotations

Branches:
Dungeon (3/15)

Altars:
Fedhas
Gozag
Kikubaaqudgha
Okawaru
Vehumet
Zin

Annotations:
D:3 Natasha


Innate Abilities, Weirdness & Mutations

You are small and have problems with some larger weapons.
You are carnivorous and can eat meat at any time.


Message History

Natasha is almost dead.
Natasha casts a spell at you. The magic dart hits you!
The crimson imp blinks!
You barely miss Natasha.
Natasha is almost dead.
Natasha claws you!
* * * LOW HITPOINT WARNING * * *
You barely miss Natasha.
Natasha is almost dead.
Natasha closely misses you.
You closely miss Natasha.
Natasha is almost dead.
Natasha claws you.
* * * LOW HITPOINT WARNING * * *
You hit Natasha but do no damage.
Natasha is almost dead.
The crimson imp sputters.
The crimson imp closely misses you. Natasha claws you!
You die...
Kikubaaqudgha rasps: "You have failed me!
Welcome... death!"

# ....# #. ....#
#.#######....
............ #.....!.#
#..$....# # #.......#.#
#######.##%#.#
#.......@5...#
#.#####.#h.### #.#....#
######.#.##.########
#...................###
#.#####.#)#...........#
#.#.#...........#
#.#.#...........#
#.#.......).....###


You could see Natasha and a crimson imp.

Vanquished Creatures
  Natasha (D:3)
  An ooze (D:2)
  A worm (D:2)
  2 dart slugs
  2 leopard geckos
  5 giant cockroaches
  4 goblins
  6 hobgoblins
  6 jackals (D:1)
  A quokka (D:3)
  A ball python (D:1)
  7 bats
  2 frilled lizards
  9 kobolds
  7 rats
55 creatures vanquished.

Vanquished Creatures (collateral kills)
  A frilled lizard (D:1)
1 creature vanquished.

Vanquished Creatures (others)
  5 toadstools (D:1)
5 creatures vanquished.

Grand Total: 61 creatures vanquished

Notes
Turn   | Place    | Note
-------+----------+-------------------------------------------
     0 | D:1      | RedPan the Kobold Artificer began the quest for the Orb.
     0 | D:1      | Reached XP level 1. HP: 12/12 MP: 3/3
   223 | D:1      | Reached XP level 2. HP: 5/16 MP: 4/4
  1070 | D:1      | Reached XP level 3. HP: 12/20 MP: 5/5
  2795 | D:2      | Reached XP level 4. HP: 9/25 MP: 7/7
  3003 | D:2      | Found an opulent altar of Gozag.
  3011 | D:2      | Found a radiant altar of Vehumet.
  3014 | D:2      | Found a glowing silver altar of Zin.
  3015 | D:2      | Found a blossoming altar of Fedhas.
  3015 | D:2      | Found an ancient bone altar of Kikubaaqudgha.
  3015 | D:2      | Found an iron altar of Okawaru.
  3363 | D:2      | Became a worshipper of Kikubaaqudgha
  3581 | D:3      | Noticed Natasha
  3588 | D:3      | Killed Natasha
  3588 | D:3      | Reached XP level 5. HP: 15/29 MP: 8/8
  3614 | D:3      | Noticed Natasha
  3757 | D:3      | Slain by Natasha

Skill      XL: |  1  2  3  4 |
---------------+-------------+-----
Short Blades   | 2 3 4 |  4.3
Stealth        | 2 3 |  3.4
Evocations     | 4 |  4.2
Fighting       | |  1.1
Dodging        | |  2.4

Action                   |  1- 3 |  4- 6 || total
-------------------------+-------+-------++-------
Melee: Short sword       |   133 |    64 ||   197
       Dagger            |    79 |       ||    79
Evoke: Wand              |    13 |     6 ||    19
  Use: Scroll            |     6 |       ||     6
 Stab: Sleeping          |     1 |     1 ||     2
       Distracted        |       |     1 ||     1
  Eat: Chunk             |    14 |     3 ||    17
Armor: Leather armour    |    50 |     9 ||    59
Dodge: Dodged            |   170 |    44 ||   214
